[Event "*** Titled Tuesday Blitz"]
[Site "Chess.com"]
[Date "2021.02.16"]
[Round "2"]
[White "Parhamov"]
[Black "harvsp123"]
[Result "1-0"]
[WhiteElo "2907"]
[BlackElo "2554"]
[TimeControl "180+1"]
[EndTime "10:15:13 PST"]
[Termination "Parhamov won by resignation"]

1. d4 g6 2. e4 Bg7 3. Nc3 d6 4.
Be3 a6 5. Qd2 Nd7 6. h4 h5 7. f3 b5 8. Nge2 Bb7 9. O-O-O Ngf6 10. Nf4 e6 11. Kb1 Qe7 12. Nce2 e5 13. Nd3 O-O 14. Bh6 c5 15. d5 a5 16. Nf2 c4 17.
g4 Nb6 18. Ng3 b4 19. Bxg7 Kxg7 20. Qg5 Bc8 21. Nxh5+ 1-0

[Event "*** Titled Tuesday Blitz"]
[Site "Chess.com"]
[Date "2021.02.16"]
[Round "2"]
[White "Buffy7"]
[Black "Pikachess999"]
[Result "1-0"]
[WhiteElo "2633"]
[BlackElo "2349"]
[TimeControl "180+1"]
[EndTime "10:15:15 PST"]
[Termination "Buffy7 won by resignation"]

1. c4 e5 2. Nc3 Nc6 3. e3 g6 4. g3 Bg7 5. Bg2 d6 6. Nge2 f5 7. b3 Nf6 8. Bb2 O-O 9. d3 h6 10. O-O g5 11. Qd2 Ne7 12. f4 Ng6 13.
Rae1 Kh7 14. e4 fxe4 15. f5 Ne7 16. dxe4 Nc6 17. Nd5 Ne7 18. Nxf6+ Rxf6 19. g4 b6 20. Bxe5 Rf8 21. Bxg7 Kxg7 22. e5 dxe5 23. Qxd8 Rxd8 1-0

[Event "*** Titled Tuesday Blitz"]
[Site "Chess.com"]
[Date "2021.02.16"]
[Round "2"]
[White "SophieNikoladze"]
[Black "barriochess"]
[Result "0-1"]
[WhiteElo "2176"]
[BlackElo "2430"]
[TimeControl "180+1"]
[EndTime "10:15:15 PST"]
[Termination "barriochess won by resignation"]

1. d4 Nf6 2. Nf3 g6 3. g3 Bg7 4. Bg2 O-O 5. O-O d6 6. c4 c6 7.
Nc3 Qb6 8. e4 Bg4 9. h3 Bxf3 10.
Bxf3 Nfd7 11. Ne2 c5 12. d5 Ne5 13. Nc3 Nxc4 14. Qe2 Ne5 15. Bg2 Qa6 16. Qc2 Nbd7 17. f4 Nd3 18. Kh2 Nxc1 19. Raxc1 b5 20. Rce1 b4 21.
Na4 Bd4 22. h4 Nb6 23. e5 Qxa4 24. Qe4 Qxa2 25. h5 Kg7 26. hxg6 hxg6 27. e6 Rh8+ 0-1

[Event "*** Titled Tuesday Blitz"]
[Site "Chess.com"]
[Date "2021.02.16"]
[Round "2"]
[White "Hangar-18"]
[Black "WiktoriaPOL"]
[Result "1-0"]
[WhiteElo "2385"]
[BlackElo "2021"]
[TimeControl "180+1"]
[EndTime "10:15:17 PST"]
[Termination "Hangar-18 won by checkmate"]

1. c4 Nf6 2. Nc3 g6 3. d4 Bg7 4.
e4 d6 5. Nge2 O-O 6. Ng3 e5 7.
d5 a5 8. Be2 Na6 9. h4 h5 10. Bg5 Nc5 11. Bxh5 gxh5 12. Nxh5 Ncd7 13. Qf3 b6 14. Nd1 Ba6 15. Ne3 Bxc4 16. Nxc4 b5 17.
Ne3 b4 18. Nf5 Bh8 19. Nh6+ Kh7 20. Qf5# 1-0

[Event "*** Titled Tuesday Blitz"]
[Site "Chess.com"]
[Date "2021.02.16"]
[Round "2"]
[White "Frolyanov_D"]
[Black "monalize"]
[Result "1-0"]
[WhiteElo "2645"]
[BlackElo "2344"]
[TimeControl "180+1"]
[EndTime "10:15:22 PST"]
[Termination "Frolyanov_D won by resignation"]

1. d4 d6 2. Nf3 Nf6 3. c4 g6 4.
Nc3 Bg7 5. e4 O-O 6. Be2 Nbd7 7. O-O e5 8. Be3 c6 9. Qc2 Ng4 10. Bg5 f6 11. Bd2 Nh6 12. Rad1 Qe7 13. c5 dxc5 14. dxe5 fxe5 15. Bg5 Qf7 16. Nb5 Nb6 17.
Nd6 Qe6 18. a4 Kh8 19. a5 Nd7 20. Bc4 Qg4 21. h3 Qh5 22. Bxh6 Bxh6 23. Nxc8 Raxc8 24. Rxd7 Rxf3 25. Be2 Rg8 26. Bxf3 1-0

[Event "*** Titled Tuesday Blitz"]
[Site "Chess.com"]
[Date "2021.02.16"]
[Round "2"]
[White "rynos0411"]
[Black "szefru"]
[Result "1-0"]
[WhiteElo "2462"]
[BlackElo "2256"]
[TimeControl "180+1"]
[EndTime "10:15:32 PST"]
[Termination "rynos0411 won by resignation"]

1. d4 d5 2. c4 c6 3. cxd5 cxd5 4. Bf4 Nf6 5. e3 Nc6 6. Bb5 Qb6 7. Nc3 a6 8. Bxc6+ bxc6 9. Qc2 e6 10. Nf3 Bb4 11. O-O O-O 12. Rac1 Bxc3 13. Qxc3 Bb7 14.
Ne5 Rac8 15. f3 Rfd8 16. Bg5 h6 17. Bxf6 gxf6 18. Nd3 a5 19. Nc5 Rd6 20. Qe1 Kh7 21. Qg3 Rdd8 22. Qf4 f5 23. b3 Ba6 24. Rfe1 Rg8 25.
Qh4 Qd8 26. Qxd8 1-0

[Event "*** Titled Tuesday Blitz"]
[Site "Chess.com"]
[Date "2021.02.16"]
[Round "2"]
[White "volkanyirik"]
[Black "MoreChessJulia"]
[Result "0-1"]
[WhiteElo "2396"]
[BlackElo "2147"]
[TimeControl "180+1"]
[EndTime "10:15:37 PST"]
[Termination "MoreChessJulia won by resignation"]

1. e4 c5 2. Nc3 Nc6 3. f4 e6 4. Nf3 d5 5. Bb5 Nf6 6. e5 Nd7 7. O-O Qb6 8. Kh1 d4 9. Bxc6 Qxc6 10. Ne2 h6 11. d3 b6 12. Ng3 Bb7 13. Ne4 f5 14.
exf6 gxf6 15. Rf2 O-O-O 16. a4 f5 17. Ng3 a5 18. c3 dxc3 19. bxc3 Bd6 20. Qe2 Bc7 21.
Bb2 h5 22. h4 Rhg8 23. Ng5 Rde8 24. d4 Nf6 25. dxc5 bxc5 26. Qb5 Ng4 27. Re2 Bxf4 28.
Qxc6+ Bxc6 29. Nxh5 Bxg5 30. hxg5 Rh8 0-1

[Event "*** Titled Tuesday Blitz"]
[Site "Chess.com"]
[Date "2021.02.16"]
[Round "2"]
[White "Oglob71"]
[Black "Borsuk_Konstantin"]
[Result "1-0"]
[WhiteElo "2396"]
[BlackElo "2674"]
[TimeControl "180+1"]
[EndTime "10:15:41 PST"]
[Termination "Oglob71 won by resignation"]

1. d4 Nf6 2. Nf3 e6 3. c4 b6 4.
Bf4 Bb7 5. e3 d6 6. Nc3 Nbd7 7.
h3 h6 8. Bd3 Be7 9. O-O g5 10.
Bh2 g4 11. hxg4 Nxg4 12. Be4 Bxe4 13. Nxe4 f5 14. Nc3 Ndf6 15. Bf4 Kf7 16. Qc2 Qd7 17. e4 Rag8 18. exf5 exf5 19. Rfe1 Nh5 20. Bd2 Rg6 21. Nd5 Bd8 22. c5 c6 23. Nf4 Nxf4 24. Bxf4 Bg5 25. Bxd6 Rxd6 26. cxd6 Qxd6 27. Qxf5+ Nf6 28. Ne5+ Kg7 29.
Qg6+ 1-0

[Event "*** Titled Tuesday Blitz"]
[Site "Chess.com"]
[Date "2021.02.16"]
[Round "2"]
[White "1random"]
[Black "volunteers1998"]
[Result "0-1"]
[WhiteElo "2377"]
[BlackElo "2099"]
[TimeControl "180+1"]
[EndTime "10:15:49 PST"]
[Termination "volunteers1998 won by resignation"]

1. f3 e5 2. Kf2 Nf6 3. e3 d5 4. d4 exd4 5. exd4 Bd6 6. Bd3 O-O 7.
Ne2 c5 8. c3 Nc6 9. dxc5 Bxc5+ 10. Be3 Bxe3+ 11. Kxe3 Qb6+ 12. Kd2 Qxb2+ 13. Qc2 Qxa1 14.
Rc1 d4 15. Na3 dxc3+ 16. Nxc3 Nd4 17. Qa4 Qb2+ 18. Kd1 Rd8 19. Nc2 0-1

[Event "*** Titled Tuesday Blitz"]
[Site "Chess.com"]
[Date "2021.02.16"]
[Round "2"]
[White "Mazanchenko_Dmitry"]
[Black "ChessFighter1975"]
[Result "0-1"]
[WhiteElo "2109"]
[BlackElo "2407"]
[TimeControl "180+1"]
[EndTime "10:15:57 PST"]
[Termination "ChessFighter1975 won on time"]

1. e4 d6 2. d4 Nf6 3. Nc3 Nbd7 4.
Be3 e5 5. Nf3 Be7 6. Bc4 c6 7. h3 b5 8. Bd3 Bb7 9. O-O O-O 10. a3 a5 11. d5 cxd5 12. exd5 b4 13. axb4 axb4 14. Rxa8 Qxa8 15. Ne4 Nxd5 16. Bd2 h6 0-1

[Event "*** Titled Tuesday Blitz"]
[Site "Chess.com"]
[Date "2021.02.16"]
[Round "2"]
[White "Hercog"]
[Black "ChristopherYoo"]
[Result "0-1"]
[WhiteElo "2369"]
[BlackElo "2900"]
[TimeControl "180+1"]
[EndTime "10:16:09 PST"]
[Termination "ChristopherYoo won by resignation"]

1. d4 Nf6 2. c4 g6 3. Nc3 Bg7 4.
e4 d6 5. f3 O-O 6. Be3 Nc6 7.
Nge2 a6 8. Qd2 Bd7 9. Nc1 Re8 10.
Nb3 a5 11. Be2 a4 12. Nc1 a3 13. bxa3 Rxa3 14. Nb3 e5 15. d5 Nd4 16. Nxd4 exd4 17. Bxd4 c5 18. dxc6 bxc6 19. O-O c5 20.
Nb1 Nxe4 21. fxe4 Bxd4+ 22. Qxd4 cxd4 23. Nxa3 Rxe4 24. Bf3 Re3 25. Nc2 Rc3 26. Nxd4 Qb6 27. Rad1 Rxc4 28. Bd5 Rxd4 29. Bxf7+ Kg7 0-1

[Event "*** Titled Tuesday Blitz"]
[Site "Chess.com"]
[Date "2021.02.16"]
[Round "2"]
[White "Sankalp_Gupta2003"]
[Black "mattcolins2025"]
[Result "1-0"]
[WhiteElo "2719"]
[BlackElo "2480"]
[TimeControl "180+1"]
[EndTime "10:16:11 PST"]
[Termination "Sankalp_Gupta2003 won by resignation"]

1. d4 Nf6 2. Nf3 g6 3. Bg5 Ne4 4. Bh4 Bg7 5. Nbd2 d5 6. e3 O-O 7.
Nxe4 dxe4 8. Nd2 c5 9. c3 cxd4 10. cxd4 Qb6 11. Qb3 e5 12. d5 Bf5 13. Qxb6 axb6 14. h3 h5 15. Bb5 Ra5 16. a4 Nd7 17. Nc4 Raa8 18. Bxd7 Bxd7 19. Nxb6 Rad8 20. Bxd8 Rxd8 21. Nxd7 Rxd7 22. O-O-O Bf8 23. Kb1 f5 24. Ka2 Bc5 25. Kb3 b6 26. Kc4 Kf7 27. b4 Bf8 28.
Kb5 Rd8 29. Rd2 Ke7 30. Rc1 Kd7 31. Rc6 Bd6 32. Rxb6 f4 33. Rb7+ Ke8 34. a5 g5 35.
a6 g4 36. hxg4 hxg4 37. a7 g3 38. fxg3 f3 39. gxf3 exf3 40. e4 1-0

[Event "*** Titled Tuesday Blitz"]
[Site "Chess.com"]
[Date "2021.02.16"]
[Round "2"]
[White "Maghalashvili"]
[Black "djano"]
[Result "1-0"]
[WhiteElo "2713"]
[BlackElo "2476"]
[TimeControl "180+1"]
[EndTime "10:16:19 PST"]
[Termination "Maghalashvili won by resignation"]

1. Nf3 g6 2. c4 c5 3. d4 cxd4 4. Nxd4 Bg7 5. e4 Nc6 6. Be3 Nf6 7. Nc3 d6 8. f3 O-O 9. Qd2 Nxd4 10. Bxd4 Bd7 11. O-O-O Bc6 12. Kb1 a6 13. h4 b5 14. h5 Rb8 15. hxg6 fxg6 16. Nd5 Bxd5 17. cxd5 Rf7 18. g3 Nd7 19. Bh3 Nf8 20. Be6 Nxe6 21.
dxe6 Rf6 22. Bxf6 Bxf6 23. Qh6 Qb6 24. Qxh7+ 1-0

[Event "*** Titled Tuesday Blitz"]
[Site "Chess.com"]
[Date "2021.02.16"]
[Round "2"]
[White "Pantata007"]
[Black "GM_LOADING"]
[Result "0-1"]
[WhiteElo "2280"]
[BlackElo "2471"]
[TimeControl "180+1"]
[EndTime "10:16:23 PST"]
[Termination "GM_LOADING won by resignation"]

1. d4 Nf6 2. c4 e6 3. Nc3 Bb4 4.
e3 O-O 5. Ne2 c6 6. a3 Ba5 7.
Bd2 d5 8. Ng3 Bc7 9. Be2 Nbd7 10. O-O dxc4 11. Bxc4 e5 12. dxe5 Nxe5 13. Be2 Bg4 14.
f3 Be6 15. Qc2 Nc4 16. Rad1 Nxd2 17. Rxd2 Qe7 18. Nce4 Nd5 19. Rd3 Bb6 20. Qd2 f5 0-1

[Event "*** Titled Tuesday Blitz"]
[Site "Chess.com"]
[Date "2021.02.16"]
[Round "2"]
[White "vladimirdamjanovic"]
[Black "GMJustin"]
[Result "1-0"]
[WhiteElo "2539"]
[BlackElo "2312"]
[TimeControl "180+1"]
[EndTime "10:16:25 PST"]
[Termination "vladimirdamjanovic won on time"]

1. d4 Nf6 2. Nc3 d5 3. Bf4 c6 4.
e3 Bf5 5. f3 h6 6. g4 Bh7 7. h4 e6 8. Bd3 Bxd3 9. Qxd3 Bd6 10.
Nge2 Bxf4 11. Nxf4 Qd6 12. O-O-O e5 13. dxe5 Qxe5 14.
g5 Nfd7 15. g6 O-O 16. gxf7+ Rxf7 17. Rhg1 Na6 18. Kb1 Nac5 19. Qd2 Re8 20. Rde1 Qf6 21. a3 Ne5 22. Qg2 1-0

[Event "*** Titled Tuesday Blitz"]
[Site "Chess.com"]
[Date "2021.02.16"]
[Round "2"]
[White "Tashik"]
[Black "beto-betun"]
[Result "1-0"]
[WhiteElo "2430"]
[BlackElo "2182"]
[TimeControl "180+1"]
[EndTime "10:16:25 PST"]
[Termination "Tashik won by resignation"]

1. c4 c5 2. Nf3 Nc6 3. d4 cxd4 4. Nxd4 g6 5. e4 Bg7 6. Be3 d6 7. Nc3 Nf6 8. Be2 O-O 9. O-O Nxd4 10. Bxd4 Be6 11. Rc1 Rc8 12. b3 b6 13. f4 Nd7 14.
Bxg7 Kxg7 15. f5 Nc5 16. fxe6 Nxe6 17. Bg4 Rc5 18. Bxe6 fxe6 19. Qg4 Qc8 20. Rxf8 Kxf8 21. Rf1+ Kg7 22. Ne2 Re5 23. Nd4 Qg8 24. Nc6 h5 25. Qh4 1-0

[Event "*** Titled Tuesday Blitz"]
[Site "Chess.com"]
[Date "2021.02.16"]
[Round "2"]
[White "Piccadilly123"]
[Black "MatyChess1"]
[Result "0-1"]
[WhiteElo "2269"]
[BlackElo "2626"]
[TimeControl "180+1"]
[EndTime "10:16:28 PST"]
[Termination "MatyChess1 won by checkmate"]

1. e4 c5 2. c3 Nf6 3. e5 Nd5 4.
d4 cxd4 5. Nf3 Nc6 6. cxd4 d6 7. Bc4 Nb6 8. Bb5 dxe5 9. Nxe5 Bd7 10. Bxc6 bxc6 11.
O-O e6 12. Qf3 Qf6 13. Nc3 Qxf3 14. Nxf3 c5 15. dxc5 Bxc5 16. Ne4 Be7 17. Bf4 f6 18. Nd6+ Bxd6 19. Bxd6 Nd5 20. Rac1 Kf7 21. b3 Rhc8 22. Rfd1 Nc3 23. Rxc3 Rxc3 24. Ne5+ fxe5 25. Bxe5 Rc5 26. Rxd7+ Ke8 27. Rc7 Rxe5 28. Rxg7 Re1# 0-1

[Event "*** Titled Tuesday Blitz"]
[Site "Chess.com"]
[Date "2021.02.16"]
[Round "2"]
[White "WeAintSurePal"]
[Black "PavelShkapenko"]
[Result "0-1"]
[WhiteElo "2451"]
[BlackElo "2696"]
[TimeControl "180+1"]
[EndTime "10:16:32 PST"]
[Termination "PavelShkapenko won by resignation"]

1. d4 Nf6 2. Nc3 d5 3. Bf4 c5 4. e3 cxd4 5. exd4 a6 6. Nf3 Nc6 7. Bd3 Bg4 8. Be2 e6 9. a3 Qb6 10.
Na4 Qa7 11. Ne5 Bxe2 12. Nxc6 Bxd1 13. Nxa7 Bxc2 14. Nb6 Rxa7 15. Rc1 Nd7 16. Nc8 Ra8 17.
Rxc2 f6 18. Bg3 Kd8 19. Bc7+ Kxc8 20. Bb6+ Kb8 0-1

[Event "*** Titled Tuesday Blitz"]
[Site "Chess.com"]
[Date "2021.02.16"]
[Round "2"]
[White "GregShahade"]
[Black "davigator"]
[Result "1-0"]
[WhiteElo "2657"]
[BlackElo "2358"]
[TimeControl "180+1"]
[EndTime "10:16:33 PST"]
[Termination "GregShahade won by resignation"]

1. e4 c5 2. Nf3 Nc6 3. d4 cxd4 4. Nxd4 Nf6 5. Nc3 d6 6. f3 e5 7. Nb3 Be7 8. Be3 Be6 9. Nd5 Bxd5 10. exd5 Nb8 11.
Qd2 O-O 12. g4 Nbd7 13. g5 Nh5 14. O-O-O Nf4 15. Bxf4 exf4 16. h4 a5 17. Nd4 a4 18.
a3 Ne5 19. Qxf4 Qb6 20. Nf5 Bd8 21. Qd4 Qc7 22. f4 Qd7 23. Bh3 Qc7 24. fxe5 dxe5 25. d6 exd4 26. dxc7 Bxc7 27. Rxd4 g6 28. Ne7+ Kg7 29.
Nd5 Bd6 30. h5 Rfd8 31. h6+ Kf8 32. Nf6 Be5 33. Rxd8+ Rxd8 34. Nd7+ 1-0

[Event "*** Titled Tuesday Blitz"]
[Site "Chess.com"]
[Date "2021.02.16"]
[Round "2"]
[White "paulrusan"]
[Black "KingCyber19"]
[Result "1-0"]
[WhiteElo "2257"]
[BlackElo "2526"]
[TimeControl "180+1"]
[EndTime "10:16:35 PST"]
[Termination "paulrusan won by resignation"]

1. e4 e5 2. Nf3 Nc6 3. Bc4 Bc5 4.
b4 Bxb4 5. c3 Be7 6. d4 d6 7.
Qb3 Na5 8. Bxf7+ Kf8 9. Qa4 Kxf7 10. Qxa5 exd4 11. cxd4 Bg4 12. Ng5+ Bxg5 13. Bxg5 Qd7 14. h3 Bh5 15. Nc3 Bg6 16. Qd5+ Kf8 17. Qxb7 Re8 18. O-O Nf6 19. Rfe1 h6 20. Bxf6 gxf6 21. Nd5 Kg7 22. f3 Rc8 23. Rec1 Bf7 24. Rxc7 Rxc7 25. Qxc7 Qxc7 26. Nxc7 Rc8 27. Nb5 d5 28. Nd6 Rd8 29.
Nxf7 dxe4 30. Nxd8 1-0

[Event "*** Titled Tuesday Blitz"]
[Site "Chess.com"]
[Date "2021.02.16"]
[Round "2"]
[White "Alex-11211"]
[Black "kuban1991"]
[Result "0-1"]
[WhiteElo "2432"]
[BlackElo "2877"]
[TimeControl "180+1"]
[EndTime "10:16:39 PST"]
[Termination "kuban1991 won by resignation"]

1. e4 e6 2. Nf3 d5 3. Nc3 Nf6 4. e5 Nfd7 5. d4 c5 6. dxc5 Nc6 7. Bf4 Be7 8. h4 Nxc5 9. Bd3 a6 10. h5 h6 11. Rh3 b5 12. Rg3 Bf8 13. Kf1 Bb7 14. Ne2 Ne4 15. Rg4 Qb6 16. Be3 Qc7 17. Bxe4 dxe4 18. Rxe4 Rd8 19. Qe1 Nxe5 20. Rxe5 Bxf3 21.
Bf4 Bd6 22. Nd4 Qc4+ 23. Kg1 Qxd4 24. Rxe6+ fxe6 25. Qxe6+ Kf8 26. Qf5+ Qf6 27. Bxd6+ Rxd6 28. Qc8+ Rd8 29. Qc5+ Kf7 30. Qc7+ Kg8 31. gxf3 Kh7 32. Re1 Rhe8 33. Re4 0-1

[Event "*** Titled Tuesday Blitz"]
[Site "Chess.com"]
[Date "2021.02.16"]
[Round "2"]
[White "12teen"]
[Black "SirStrateg"]
[Result "1-0"]
[WhiteElo "2866"]
[BlackElo "2536"]
[TimeControl "180+1"]
[EndTime "10:16:41 PST"]
[Termination "12teen won by resignation"]

1. g3 e5 2. Bg2 Nf6 3. d3 d6 4.
Nc3 Be7 5. e4 O-O 6. h3 c6 7. f4 b5 8. Nf3 b4 9. Ne2 exf4 10. gxf4 d5 11. e5 Nh5 12. O-O c5 13. Qe1 Nc6 14. Ng3 Nxg3 15. Qxg3 f6 16. Be3 Be6 17.
Rae1 fxe5 18. fxe5 Qd7 19. Ng5 Bxg5 20. Bxg5 Nd4 21.
c3 Rxf1+ 22. Bxf1 bxc3 23. bxc3 Nf5 24. Qg2 Rb8 25. Re2 d4 26. c4 h6 27. Bf4 g5 28.
Kh2 Kh7 29. Bd2 Rb1 30. Rf2 Qb7 31. Qxb7+ Rxb7 32. Bg2 Kg7 33. Bxb7 1-0

[Event "*** Titled Tuesday Blitz"]
[Site "Chess.com"]
[Date "2021.02.16"]
[Round "2"]
[White "stolencandy13"]
[Black "Dedic8"]
[Result "0-1"]
[WhiteElo "2511"]
[BlackElo "2825"]
[TimeControl "180+1"]
[EndTime "10:16:43 PST"]
[Termination "Dedic8 won by resignation"]

1. e4 e5 2. Nf3 Nc6 3. Nc3 Nf6 4. d4 exd4 5. Nxd4 Nxe4 6. Nxe4 Qe7 7. f3 d5 8. Bb5 Bd7 9. Nxc6 bxc6 10. Bd3 dxe4 11. fxe4 Qh4+ 12. g3 Qh3 13. Qf3 Bb4+ 14. c3 Bc5 15. Be3 Bg4 16. Qf2 Bxe3 17. Qxe3 Qg2 18. Rf1 Qxb2 19. Rc1 O-O 20. Rc2 Qb6 21. Kf2 Rad8 22.
Bc4 Bd1 23. Rc1 Rd2+ 24. Be2 Rxe2+ 0-1

[Event "*** Titled Tuesday Blitz"]
[Site "Chess.com"]
[Date "2021.02.16"]
[Round "2"]
[White "attack2mateU"]
[Black "Gerodot71"]
[Result "1-0"]
[WhiteElo "2709"]
[BlackElo "2470"]
[TimeControl "180+1"]
[EndTime "10:16:44 PST"]
[Termination "attack2mateU won by resignation"]

1. e4 e5 2. Nf3 Nc6 3. Bc4 Bc5 4. c3 Nf6 5. d4 exd4 6. e5 d5 7. Bb5 Ne4 8. cxd4 Bb6 9. Nc3 O-O 10. Be3 Ne7 11. Bd3 Nxc3 12. bxc3 Bf5 13. O-O f6 14. exf6 Rxf6 15. Bg5 Bxd3 16. Qxd3 Rf7 17. Rae1 Qd6 18.
Ne5 Raf8 19. Nxf7 Rxf7 20. Bxe7 Rxe7 21. Rxe7 Qxe7 22. Qf5 c6 23. g3 g6 24. Qd3 c5 25. dxc5 Qxc5 26. Qd2 Ba5 27. Rd1 Bxc3 28. Qxd5+ Qxd5 29. Rxd5 Bd4 30. Rxd4 1-0

[Event "*** Titled Tuesday Blitz"]
[Site "Chess.com"]
[Date "2021.02.16"]
[Round "2"]
[White "Vincent_Vega95"]
[Black "Aleksandar-Topalov"]
[Result "1-0"]
[WhiteElo "2687"]
[BlackElo "2354"]
[TimeControl "180+1"]
[EndTime "10:16:47 PST"]
[Termination "Vincent_Vega95 won by resignation"]

1. d4 Nf6 2. c4 c5 3. d5 d6 4.
Nc3 g6 5. e4 Bg7 6. Nf3 O-O 7.
Bd3 Na6 8. O-O Nc7 9. Re1 e5 10. Bg5 Bg4 11. h3 Bxf3 12. Qxf3 h6 13. Bh4 g5 14. Bg3 Nh7 15. a4 Na6 16. Rac1 Nb4 17. Bb1 Re8 18. Nd1 Nf8 19. Ne3 Ng6 20. Nf5 Nf4 21. h4 Qf6 22. hxg5 hxg5 23. Rc3 Bf8 24.
Qg4 Rac8 25. Bh4 Qg6 26. Qxg5 Qxg5 27. Bxg5 a6 28. Rg3 Ng6 29. Bf6 b5 30. Ree3 bxc4 31. Rg4 Nd3 32. Rh3 1-0

[Event "*** Titled Tuesday Blitz"]
[Site "Chess.com"]
[Date "2021.02.16"]
[Round "2"]
[White "FairChess_on_YouTube"]
[Black "vaishali2001"]
[Result "1-0"]
[WhiteElo "2937"]
[BlackElo "2580"]
[TimeControl "180+1"]
[EndTime "10:16:52 PST"]
[Termination "FairChess_on_YouTube won by resignation"]

1. d4 Nf6 2. Bg5 d5 3. Nd2 g6 4. Bxf6 exf6 5. e3 Bg7 6. g3 O-O 7. Bg2 c6 8. Ne2 Be6 9. Nf4 Nd7 10. c4 dxc4 11. Nxe6 fxe6 12. Nxc4 Nb6 13. Qb3 Nxc4 14. Qxc4 Qe7 15. O-O Kh8 16. b4 a6 17. a4 e5 18.
dxe5 Qxe5 19. Rab1 Qe7 20. Rfd1 Rfd8 21. b5 cxb5 22. axb5 Rxd1+ 23. Rxd1 a5 24. b6 Rd8 25. Rxd8+ Qxd8 26. Qc7 Qd1+ 27. Bf1 Bf8 28. Qxb7 a4 29. Qc8 Kg7 30. b7 Bd6 31. Qd7+ 1-0

[Event "*** Titled Tuesday Blitz"]
[Site "Chess.com"]
[Date "2021.02.16"]
[Round "2"]
[White "korbul"]
[Black "ferdipy"]
[Result "1-0"]
[WhiteElo "2599"]
[BlackElo "2332"]
[TimeControl "180+1"]
[EndTime "10:16:54 PST"]
[Termination "korbul won by resignation"]

1. d4 e5 2. dxe5 d6 3. exd6 Bxd6 4. Nf3 Nc6 5. Bg5 Nge7 6. e3 Bg4 7. Be2 f6 8. Bh4 Qd7 9. c3 O-O-O 10. Nbd2 h5 11. Qa4 Kb8 12. O-O-O Nc8 13. Nc4 Nb6 14. Nxb6 axb6 15.
Bg3 Qe7 16. Bxd6 Rxd6 17. Rxd6 Qxd6 18. h3 Be6 19. Rd1 Qe7 20. Nd4 Nxd4 21. Qxd4 Bxa2 22. Bf3 g6 23. Qe4 Qxe4 24. Bxe4 f5 25. Bf3 Kc8 26. h4 Rg8 27. g3 Bb3 28. Rd4 Rd8 29. Bxb7+ Kxb7 30. Rxd8 Bf7 31. Rf8 1-0

[Event "*** Titled Tuesday Blitz"]
[Site "Chess.com"]
[Date "2021.02.16"]
[Round "2"]
[White "Indianlad"]
[Black "Titus369"]
[Result "1-0"]
[WhiteElo "2919"]
[BlackElo "2565"]
[TimeControl "180+1"]
[EndTime "10:16:55 PST"]
[Termination "Indianlad won by resignation"]

1. Nf3 Nf6 2. c4 e6 3. Nc3 d5 4. cxd5 exd5 5. d4 Be7 6. Bf4 c6 7. h3 O-O 8. e3 Re8 9. Bd3 Nbd7 10. Qc2 Nf8 11. g4 Ne6 12. Be5 g6 13. O-O-O a5 14.
Rdg1 Bd6 15. h4 Bxe5 16. Nxe5 c5 17. h5 cxd4 18. hxg6 fxg6 19. Bxg6 Re7 20. g5 Ne4 21. Nxe4 dxe4 22. Bxh7+ Kg7 23. Qxe4 Nf8 24. Qf4 Qd6 25. g6 Qc7+ 26. Kb1 Rxe5 27. Qh6+ Kf6 28. Qxf8+ Ke6 29.
g7 1-0

[Event "*** Titled Tuesday Blitz"]
[Site "Chess.com"]
[Date "2021.02.16"]
[Round "2"]
[White "NewBornNow"]
[Black "ikhasu"]
[Result "1-0"]
[WhiteElo "2776"]
[BlackElo "2417"]
[TimeControl "180+1"]
[EndTime "10:16:57 PST"]
[Termination "NewBornNow won on time"]

1. e4 c5 2. Nf3 Nc6 3. Bb5 Qc7 4. O-O Nf6 5. Re1 Ng4 6. Bxc6 dxc6 7. d3 g6 8. Nc3 Bg7 9. h3 Ne5 10. Nh2 O-O 11. f4 Nd7 12. e5 Nb6 13. Nf3 Nd5 14.
Ne4 b6 15. c4 Nb4 16. a3 Na6 17. Be3 Rd8 18. Qe2 Bf5 19. Nf2 b5 20. Rad1 Rab8 21. g4 Bc8 22. Ne4 bxc4 23. dxc4 Rb3 24. Nxc5 Nxc5 25. Bxc5 1-0

[Event "*** Titled Tuesday Blitz"]
[Site "Chess.com"]
[Date "2021.02.16"]
[Round "2"]
[White "frenchpin"]
[Black "Supernotar"]
[Result "1/2-1/2"]
[WhiteElo "2512"]
[BlackElo "2777"]
[TimeControl "180+1"]
[EndTime "10:17:01 PST"]
[Termination "Game drawn by repetition"]

1. e4 c6 2. Nc3 d5 3. d4 dxe4 4.
Nxe4 Bf5 5. Ng3 Bg6 6. N1e2 e6 7. c3 Bd6 8. Nf4 Qc7 9. Qf3 Ne7 10. h4 h6 11. Nxg6 Nxg6 12. Nh5 Bf8 13. Bd3 Ne7 14. Bf4 Qb6 15. Be5 Rg8 16. O-O Nd7 17. Bd6 Nd5 18. Bxf8 Kxf8 19. Rfe1 Re8 20. Re2 N7f6 21. Ng3 Qc7 22. Re5 Nd7 23. Re4 N7f6 24. Re5 Nd7 25. Re4 N7f6 26. Re5 1/2-1/2

[Event "*** Titled Tuesday Blitz"]
[Site "Chess.com"]
[Date "2021.02.16"]
[Round "2"]
[White "PawnEatingZombie"]
[Black "thechesscorner64"]
[Result "0-1"]
[WhiteElo "2140"]
[BlackElo "2421"]
[TimeControl "180+1"]
[EndTime "10:17:02 PST"]
[Termination "thechesscorner64 won by resignation"]

1. d4 Nf6 2. c4 e6 3. Nc3 Bb4 4. Qc2 Nc6 5. Nf3 d6 6. Bd2 Qe7 7. a3 Bxc3 8. Bxc3 e5 9. d5 Nb8 10. e4 a5 11. Be2 O-O 12. O-O c6 13. c5 dxc5 14. Bxe5 cxd5 15. Bxf6 Qxf6 16. exd5 b6 17.
Rfd1 Bg4 18. h3 Bh5 19. Qd3 Nd7 20. Qb5 Rfd8 21. d6 Rac8 22. Rd2 Bxf3 23. Bxf3 Ne5 24. Bb7 Rb8 25. Qxb6 Nc4 0-1

[Event "*** Titled Tuesday Blitz"]
[Site "Chess.com"]
[Date "2021.02.16"]
[Round "2"]
[White "Berardino"]
[Black "tteshan"]
[Result "1-0"]
[WhiteElo "2592"]
[BlackElo "2328"]
[TimeControl "180+1"]
[EndTime "10:17:04 PST"]
[Termination "Berardino won by resignation"]

1. e4 e5 2. Nf3 Nc6 3. Bb5 a6 4. Ba4 Nf6 5. O-O b5 6. Bb3 d6 7. c3 Be7 8. Re1 O-O 9. h3 Bb7 10. d4 Nd7 11. Nbd2 Re8 12. Nf1 Nf8 13. Ng3 g6 14.
Nh2 Bf6 15. Ng4 Bg7 16. Nh6+ Bxh6 17. Bxh6 Na5 18. Bc2 Ne6 19. b3 c5 20. d5 Ng7 21.
Qf3 Bc8 22. a4 Bd7 23. axb5 axb5 24. b4 cxb4 25. cxb4 Nc4 26. Rxa8 Qxa8 27. Qf6 1-0

[Event "*** Titled Tuesday Blitz"]
[Site "Chess.com"]
[Date "2021.02.16"]
[Round "2"]
[White "Guzman70"]
[Black "dozer80"]
[Result "0-1"]
[WhiteElo "2235"]
[BlackElo "2617"]
[TimeControl "180+1"]
[EndTime "10:17:05 PST"]
[Termination "dozer80 won by resignation"]

1. d4 d5 2. Bf4 c5 3. e3 Nf6 4.
c3 Qb6 5. Qb3 c4 6. Qxb6 axb6 7.
a3 Nc6 8. Nd2 b5 9. Ngf3 b4 10.
Ne5 bxc3 11. bxc3 Bd7 12. e4 e6 13. Nxd7 Kxd7 14. exd5 exd5 15. a4 Bd6 16. Bxd6 Kxd6 17.
Be2 Rhe8 18. Kd1 Ra7 19. Re1 Rea8 20. Kc2 Rxa4 21. Rxa4 Rxa4 22. Rb1 Kc7 23. Bf3 Ra2+ 24. Rb2 Ra1 25. Rb1 Ra8 26. Rb5 Ra2+ 27. Kc1 Ra5 28. Rb2 b5 29. Kc2 b4 30. cxb4 Nxd4+ 31. Kc3 Nb5+ 32. Kc2 Ra1 33. Rb1 Na3+ 34. Kb2 Nxb1 35. Nxb1 Ra8 36. Nc3 Rd8 37. Nb5+ Kb6 38. Nd4 Ne4 39.
Kc2 Nxf2 40. Nf5 d4 0-1